 Dungeon Crawl Stone Soup version 0.22-a0-445-g8c8ef71 (webtiles) character file.

3007 VajrapaniREALTIME the Cleaver (level 10, -5/79 HPs)
             Began as a Formicid Fighter on June 3, 2018.
             Was an Initiate of Makhleb.
             Slain by an orc warrior
             ... wielding a +0 battleaxe
              (21 damage)
             ... on level 8 of the Dungeon.
             The game lasted 00:06:28 (6460 turns).

VajrapaniREALTIME the Cleaver (Formicid Fighter)    Turns: 6460, Time: 00:06:29

Health: -5/79      AC: 11    Str: 25    XL:     10   Next: 10%
Magic:  10/10      EV:  9    Int:  7    God:    Makhleb [......]
Gold:   339        SH: 11    Dex: 10    Spells: 9/9 levels left

rFire    . . .     SeeInvis +   a - +1 war axe
rCold    . . .     Gourm    .   c - +0 shield
rNeg     . . .     Faith    .   b - +1 scale mail
rPois    .         Spirit   .   (helmet unavailable)
rElec    .         Reflect  .   (no cloak)
rCorr    .         Harm     .   (no gloves)
MR       +....                  k - +1 pair of boots
Stlth    ..........             (no amulet)
HPRegen  0.23/turn              (no ring)
MPRegen  0.12/turn              (no ring)

@: no status effects
A: permanent stasis, dig shafts and tunnels, four strong arms, antennae 3
a: Dig, Shaft Self, Renounce Religion


You were on level 8 of the Dungeon.
You worshipped Makhleb.
Makhleb was noncommittal.
You were hungry.

You visited 2 branches of the dungeon, and saw 9 of its levels.

You collected 339 gold pieces.

Inventory:

Hand Weapons
 a - a +1 war axe (weapon)
Armour
 b - a +1 scale mail (worn)
 c - a +0 shield (worn)
 k - a +1 pair of boots (worn)
Jewellery
 d - an uncursed ring of positive energy {unknown}
 i - an uncursed ring of protection from cold {unknown}
 u - a +5 ring of strength {unknown}
Wands
 n - a wand of digging (16)
Scrolls
 e - a scroll of enchant armour
 g - 6 scrolls of amnesia
 h - 3 scrolls of enchant weapon
 j - 3 scrolls of immolation
 l - 4 scrolls of remove curse
 m - 4 scrolls of identify
 o - 3 scrolls of teleportation
 r - 3 scrolls of magic mapping
 y - a scroll of fear {unknown}
Potions
 p - a potion of magic {unknown}
 q - a potion of heal wounds
 s - 2 potions of lignification {unknown}
 t - 2 potions of mutation {unknown}
 v - 2 potions of flight {unknown}
 w - a potion of brilliance {unknown}
 x - a potion of resistance {unknown}
Comestibles
 f - 9 rations


   Skills:
 + Level 7.3 Fighting
 * Level 8.7 Axes
 + Level 7.3 Armour
 + Level 8.1 Shields


You had 9 spell levels left.
You didn't know any spells.
Your spell library contained the following spells:

 Spells                   Type           Power        Failure   Level  Hunger
 Magic Dart               Conj           #...         77%         1    ##.....
 Iskenderun's Mystic Bla  Conj           #.......     100%        4    #####..
 Fulminant Prism          Conj/Hex       #.........   100%        4    #####..
 Dazzling Spray           Conj/Hex       #.....       98%         3    ####...
 Force Lance              Conj/Tloc      #.......     100%        4    #####..
 Searing Ray              Conj           #.....       88%         2    ###....


Dungeon Overview and Level Annotations

Branches:
Dungeon (8/15)             Temple (1/1) D:7            Lair (0/6) D:8

Altars:
Ashenzari
Cheibriados
Dithmenos
Elyvilon
Gozag
Kikubaaqudgha
Makhleb
Nemelex Xobeh
Qazlal
Sif Muna
Trog
Uskayaw
Vehumet
Wu Jian
Xom
Yredelemnul
Zin
The Shining One
Beogh


Innate Abilities, Weirdness & Mutations

You cannot be hasted, slowed, berserked, paralysed or teleported.
You can dig through walls and to a lower floor.
Your four strong arms can wield two-handed weapons with a shield.
You have a pair of large antennae on your head. (SInv)


Message History

You are too injured to fight recklessly!
You slash the orc warrior!
The orc warrior is heavily wounded.
You hit the fungus. x2
The orc warrior hits you with a battleaxe!
* * * LOW HITPOINT WARNING * * *
You are too injured to fight recklessly!
You hit the orc warrior.
The orc warrior is heavily wounded.
You hit the fungus. You slash the fungus! The orc warrior barely misses you.
You closely miss the orc warrior.
The orc warrior is heavily wounded.
You hit the fungus but do no damage. You slash the fungus!
The orc warrior barely misses you.
You closely miss the orc warrior.
The orc warrior is heavily wounded.
You hit the fungus. You slash the fungus!
You destroy the fungus!
The orc warrior hits you with a battleaxe!!
You die...

..###. #.#..........
...P...## #.#####......
..P...(.###.#####.....#
...P..P...............#
.....P..##.#####.....#
...P..P..#.########.##
# #PP..P.........#.#
#>.#.o.....######.#.#
#..'.@.P........# #.
####..P.....###.#
P.....P....#
......P......#
...P..P...#...#
.PP.P.P.........
#P.......##..###
####....## .>#


You could see an orc warrior.

Vanquished Creatures
  Pikel (D:4)
  Grinder (D:4)
  A meliai zombie (D:7)
  A hippogriff (D:8)
  A wyvern (D:8)
  3 porcupines (D:8)
  A black bear (D:4)
  An orc warrior (D:7)
  A necrophage (D:5)
  3 scorpions
  3 killer bees (D:8)
  A howler monkey (D:4)
  2 crimson imps
  2 bullfrog zombies
  4 hounds
  A jelly (D:5)
  2 orc priests
  3 centaur skeletons
  An iguana (D:5)
  8 orc wizards
  4 worker ants
  A hound zombie (D:8)
  A worker ant zombie (D:6)
  4 gnolls
  A howler monkey skeleton (D:8)
  6 adders
  A shadow imp (D:7)
  2 worms
  9 dart slugs
  6 leopard geckos
  25 orcs
  2 ball pythons
  4 bats
  4 giant cockroaches
  6 goblins
  7 hobgoblins
  6 jackals
  2 frilled lizards
  4 kobolds
  A quokka skeleton (D:5)
  5 rats
  A fungus (D:8)
143 creatures vanquished.

Vanquished Creatures (others)
  A slave (D:4)
  A worker ant (D:4)
  A gnoll (D:4)
  An adder (D:4)
  10 fungi (D:8)
14 creatures vanquished.

Grand Total: 157 creatures vanquished

Notes
Turn   | Place    | Note
-------+----------+-------------------------------------------
     0 | D:1      | VajrapaniREALTIME the Formicid Fighter began the quest for the Orb.
     0 | D:1      | Reached XP level 1. HP: 18/18 MP: 1/1
    41 | D:1      | Found a roughly hewn altar of Beogh.
    41 | D:1      | Noticed an orc wizard
    41 | D:1      | Noticed an orc warrior
   126 | D:1      | Reached XP level 2. HP: 24/24 MP: 2/2
   280 | D:2      | Reached XP level 3. HP: 28/29 MP: 3/3
   633 | D:2      | Reached XP level 4. HP: 36/37 MP: 4/4
   957 | D:3      | Found a shattered altar of Ashenzari.
  1488 | D:3      | Reached XP level 5. HP: 36/42 MP: 5/5
  1716 | D:4      | Reached XP level 6. HP: 48/48 MP: 6/6
  1835 | D:4      | Noticed a black bear
  1841 | D:4      | Killed a black bear
  2132 | D:4      | Noticed Grinder
  2160 | D:4      | Killed Grinder
  2160 | D:4      | Reached skill level 5 in Shields
  2160 | D:4      | Reached XP level 7. HP: 54/55 MP: 7/7
  2202 | D:4      | Found a white marble altar of Elyvilon.
  2322 | D:4      | Noticed Pikel
  2339 | D:4      | Killed Pikel
  2339 | D:4      | Reached skill level 5 in Fighting
  2339 | D:4      | Reached skill level 5 in Armour
  2339 | D:4      | Reached XP level 8. HP: 45/63 MP: 8/8
  2391 | D:5      | Entered Level 5 of the Dungeon
  2648 | D:5      | Found a glowing silver altar of Zin.
  2648 | D:5      | Found an opulent altar of Gozag.
  3459 | D:6      | Reached XP level 9. HP: 60/69 MP: 9/9
  4356 | D:7      | Found a staircase to the Ecumenical Temple.
  5553 | Temple   | Entered the Ecumenical Temple
  5787 | Temple   | Became a worshipper of Makhleb the Destroyer
  5812 | D:8      | Found a basalt altar of Yredelemnul.
  6189 | D:8      | Noticed a hippogriff
  6227 | D:8      | Killed a hippogriff
  6227 | D:8      | Reached XP level 10. HP: 24/79 MP: 10/10
  6453 | D:8      | Found a staircase to the Lair.
  6460 | D:8      | Slain by an orc warrior

Vault maps used:
D:1:      erik_arrival_cave_to_civilisation
D:2:      wad_lake_hut
D:3:      kennysheep_slugbush, ashenzari_conservatory_becter
D:4:      lemuel_round_altar, kennysheep_little_box, first_ration, uniq_pikel,
          uniq_grinder
D:5:      grunt_temple_overflow_gold_and_silver
D:6:      nicolae_ossuary_entry_catacombs
D:7:      temple_statues
D:8:      fedhas_altar_4, gammafunk_temple_overflow_statue,
          grunt_lair_entry_orc_guard_hut, basic_altar, serial_shops,
          nicolae_shop_behind_doors, uniq_erica
Temple:   eino_temple_water

Skill      XL: |  1  2  3  4  5  6  7  8  9 |
---------------+----------------------------+-----
Shields        | 4 5 6 8 |  8.1
Axes           | 3 4 6 8 |  8.7
Fighting       | 4 5 6 7 |  7.3
Armour         | 4 5 6 7 |  7.3

Action                   |  1- 3 |  4- 6 |  7- 9 | 10-12 || total
-------------------------+-------+-------+-------+-------++-------
Melee: War axe           |    71 |   115 |   286 |    14 ||   486
  Use: Scroll            |       |     7 |       |       ||     7
       Potion            |       |     1 |     3 |       ||     4
  Eat: Chunk             |       |     1 |    10 |       ||    11
       Ration            |       |     1 |     1 |       ||     2
Armor: Scale mail        |    43 |    90 |   123 |     1 ||   257
Dodge: Dodged            |    38 |    54 |    94 |     3 ||   189
Block: Shield            |    40 |    90 |   200 |     7 ||   337

Table legend:
 A = Spawn XP
 B = Non-spawn XP
 C = Spawn XP percentage of total XP
 D = Spawn monster count
 E = Non-spawn monster count
 F = Spawn count percentage of total count
 G = Total turns spent on level
                    A         B        C        D         E        F      G
               +---------+---------+-------+---------+---------+-------+---------
         Total |       0 |    4297 |   0.0 |       0 |     142 |   0.0 |  6460
               +---------+---------+-------+---------+---------+-------+---------
           D:1 |       0 |      14 |   0.0 |       0 |       7 |   0.0 |   212
           D:2 |       0 |      58 |   0.0 |       0 |      19 |   0.0 |   498
           D:3 |       0 |      77 |   0.0 |       0 |      21 |   0.0 |   838
           D:4 |       0 |    1235 |   0.0 |       0 |      11 |   0.0 |   843
           D:5 |       0 |     504 |   0.0 |       0 |      24 |   0.0 |  1039
           D:6 |       0 |     391 |   0.0 |       0 |      19 |   0.0 |   487
           D:7 |       0 |     654 |   0.0 |       0 |      18 |   0.0 |  1645
           D:8 |       0 |    1364 |   0.0 |       0 |      23 |   0.0 |   652
               +---------+---------+-------+---------+---------+-------+---------
